 Dungeon Crawl Stone Soup version 0.30-a0-711-gf4ac18a38d (webtiles) character file.

Game seed: 14892574480776166843

191 Angani the Ducker (level 5, 0/41 HPs)
             Began as a Draconian Warper on Jan 23, 2023.
             Killed from afar by an orc wizard (4 damage)
             ... with a magic dart
             ... on level 3 of the Dungeon.
             The game lasted 00:04:18 (2135 turns).

Angani the Ducker (Draconian Warper)                Turns: 2135, Time: 00:04:19

Health: 0/41       AC:  5    Str: 16    XL:     5   Next: 42%
Magic:  8/8        EV: 12    Int: 13    God:
Gold:   161        SH:  5    Dex: 10    Spells: 8/8 levels left

rFire   . . .      SeeInvis .    a - +0 spear
rCold   . . .      Faith    .    (no shield)
rNeg    . . .      Spirit   .    (body armour unavailable)
rPois   .          Reflect  +    (helmet restricted)
rElec   .          Harm     .    (no cloak)
rCorr   .          Rampage  .    (no gloves)
Will    .....                    (no boots)
Stlth   +                        e - amulet of reflection
HPRegen 0.26/turn                (no ring)
MPRegen 0.11/turn                (no ring)

@: no status effects
A: AC +5, unfitting armour, cold-blooded
a: no special abilities


You were on level 3 of the Dungeon.
You visited 1 branch of the dungeon, and saw 3 of its levels.

You collected 161 gold pieces.

Inventory:

Hand Weapons
 a - a +0 spear (weapon)
Jewellery
 e - an amulet of reflection (around neck)
 h - an amulet of magic regeneration
 l - a ring of ice
Scrolls
 b - a scroll of blinking
 f - 2 scrolls of silence
 g - 2 scrolls of fog
 i - a scroll of poison


   Skills:
 - Level 2.1 Fighting
 - Level 2.0 Polearms
 + Level 3.4 Throwing
 + Level 4.0 Dodging
 - Level 2.0 Spellcasting
 - Level 3.0 Translocations


You had 8 spell levels left.
You didn't know any spells.
Your spell library contained the following spells:

 Spells                   Type           Power      Damage    Failure   Level
 Blink                    Tloc           18%        N/A       11%         2
 Lesser Beckoning         Tloc           18%        N/A       11%         2
 Teleport Other           Tloc           9%         N/A       22%         3
 Necrotise                Necr           4%         1d4       26%         1
 Shock                    Conj/Air       4%         1d3       26%         1
 Vhi's Electric Charge    Tloc/Air       10%        N/A       38%         3
 Vampiric Draining        Necr           1%         2d6       58%         3
 Manifold Assault         Tloc           9%         N/A       58%         4
 Agony                    Necr           1%         N/A       100%        5


Dungeon Overview and Level Annotations

Branches:
Dungeon (3/15)

Altars:


Innate Abilities, Weirdness & Mutations

Your plain brown scales are hard. (AC +5)
You cannot fit into any form of body armour.
You are cold-blooded and may be slowed by cold attacks.


Message History

Press: ? - help, Q - select action, (/) - cycle Shift-Dir - straight line You throw a poisoned dart.
Something hits you.
You miss something.
You hear some strange, mumbled words.
A puff of flame appears from out of thin air!
The puff of flame hits you!
You hit something. Something hits you.
You hit something. Something hits you.
You hit something. You tail-slap something. Something hits you.
* * * LOW HITPOINT WARNING * * *
You aren't carrying any potions.
Okay, then.
Throw: 2 boomerangs (disperse)
Press: ? - help, Q - select action Shift-Dir - straight line, f - orc
Aim: an orc, wielding a +0 dagger and wearing a +0 ring mail (61% to hit)
You throw a boomerang of dispersal.
The boomerang of dispersal hits the orc.
The orc blinks!
Something hits you but does no damage.
Throw: boomerang (disperse)
Press: ? - help, Q - select action Shift-Dir - straight line, f - you Really target yourself? [Y]es or [N]o only, please.
Really target yourself?
Okay, then.
Throw: boomerang (disperse)
Press: ? - help, Q - select action Shift-Dir - straight line You throw a boomerang of dispersal.
You hear some strange, mumbled words.
A puff of flame appears from out of thin air!
The puff of flame hits you.
* * * LOW HITPOINT WARNING * * *
You barely miss something. Something hits you.
* * * LOW HITPOINT WARNING * * *
You barely miss something.
Your tail-slap misses something.
You hear some strange, mumbled words.
A magic dart appears from out of thin air!
The magic dart hits you.
You die...

#.<..###... #......^...
#...######. ####
###.......... ....
..#....^##P..
.o########+.#.......#P.
#........#.#.....##.#
#.'####+.#..#.#.^.P#.#
#.#o{@.#.#.###..^##.#.
#.#.##.#.#..#.....# #
#.#.##.#.#...#..^_#
#.#....#.#.##...^.#
#.+####'.#.##.#.^##
#........#.##.#..P.#
+########'.##.#..##.
.....).....##.#.... .
...#####..#.....^##


You could see an orc.

Vanquished Creatures
  An orc priest (D:2)
  Natasha (thrice) (D:2)
  2 adders (D:2)
  An adder zombie (D:2)
  2 worms (D:2)
  4 orcs (D:2)
  5 bats
  A bat zombie (D:2)
  2 endoplasms (D:2)
  A giant cockroach (D:2)
  A goblin (D:3)
  8 hobgoblins
  7 jackals (D:2)
  2 quokkas (D:1)
  2 ball pythons
  2 ball python skeletons (D:2)
  2 ball python zombies (D:2)
  2 frilled lizards (D:1)
  6 kobolds
  4 rats
58 creatures vanquished.

Vanquished Creatures (others)
  20 withered plants (D:2)
20 creatures vanquished.

Grand Total: 78 creatures vanquished

Notes
Turn   | Place    | Note
-------+----------+-------------------------------------------
     0 | D:1      | Angani the Draconian Warper began the quest for the Orb.
     0 | D:1      | Reached XP level 1. HP: 17/17 MP: 3/3
    23 | D:1      | Reached skill level 1 in Throwing
   118 | D:1      | Reached XP level 2. HP: 18/24 MP: 5/5
   574 | D:2      | Reached XP level 3. HP: 20/29 MP: 6/6
   691 | D:2      | Reached skill level 3 in Dodging
  1113 | D:2      | Identified the +1 dagger "Echyv" {pain, Str+3}
  1380 | D:2      | Noticed Natasha
  1391 | D:2      | Killed Natasha
  1392 | D:2      | Reached XP level 4. HP: 36/36 MP: 7/7
  1462 | D:2      | Noticed Natasha
  1480 | D:2      | Killed Natasha
  1570 | D:2      | Noticed Natasha
  1578 | D:2      | Killed Natasha
  1579 | D:2      | Reached XP level 5. HP: 35/41 MP: 8/8
  1728 | D:3      | HP: 2/41 [something/magic dart (3)]
  1932 | D:2      | Reached skill level 4 in Dodging
  2057 | D:3      | Found a faded altar of an unknown god.
  2068 | D:3      | Got Plato's Almanac of the Wind
  2135 | D:3      | Killed from afar by an orc wizard

Illustrated notes

Levels and vault maps discovered:
D:1:      lightli_arrival_quake, layout_rooms
D:2:      layout_basic, minmay_misc_feat_secret_circle,
          dilly_guarded_unrand_morg
D:3:      layout_loops_cross, mainiacjoe_overflow_concentric_impassable,
          shapermc_ecumenical_altar_rom_forum, minivault_11

Skill      XL: |  1  2  3  4  5 |
---------------+----------------+-----
Throwing       | 1 2 3 |  3.4
Dodging        | 3 4 |  4.0
Fighting       | |  2.1
Polearms       | |  2.0
Spellcasting   | |  2.0
Translocations | |  3.0

Action                     |  1- 3 |  4- 6 || total
---------------------------+-------+-------++-------
  Melee: Spear             |   183 |    80 ||   263
         Tailslap          |    19 |     5 ||    24
         Punch             |     1 |     1 ||     2
  Throw: Boomerang         |       |     7 ||     7
         Dart              |       |     4 ||     4
    Use: Scroll            |     3 |     1 ||     4
         Potion            |       |     1 ||     1
   Stab: Sleeping          |     1 |       ||     1
         Distracted        |     1 |       ||     1
 Armour: Skin              |    39 |    17 ||    56
  Dodge: Dodged            |    84 |    54 ||   138
  Block: Other             |    36 |    16 ||    52

Table legend: (Time is in decaauts)
 A = Elapsed time spent in this place.
 B = Non-inter-level travel time spent in this place.
 C = Inter-level travel time spent in this place.
 D = Time resting spent in this place.
 E = Time spent auto-exploring this place.
 F = Levels seen in this place.
 G = Mean time per level.
                   A        B        C        D        E       F      G
               +--------+--------+--------+--------+--------+-----+--------+
         Total |   2144 |   2050 |     94 |    384 |   1130 |   3 |  714.7 |
       Dungeon |   2144 |   2050 |     94 |    384 |   1130 |   3 |  714.7 |
               +--------+--------+--------+--------+--------+-----+--------+

Top non-repeatable levels by time:
     D:2: 1478 daAuts
     D:1: 492 daAuts
     D:3: 173 daAuts
